 Dungeon Crawl Stone Soup version 0.31-a0-198-g2ad674f65e (webtiles) character file.

Game seed: 5559984701536642247

81 qw the Shooter (level 4, -1/25 HPs)
             Began as a Deep Elf Hunter on June 25, 2023.
             Slain by a gnoll
             ... wielding a +0 flail
              (6 damage)
             ... on level 2 of the Dungeon.
             The game lasted 00:00:19 (717 turns).

qw the Shooter (Deep Elf Hunter)                     Turns: 717, Time: 00:00:20

Health: -1/25      AC: 10    Str: 10    XL:     4   Next: 19%
Magic:  6/6        EV:  8    Int: 14    God:
Gold:   73         SH:  0    Dex: 18    Spells: 3/3 levels left

rFire   x . .        Y - +0 shortbow
rCold   + + .        (shield currently unavailable)
rNeg    . . .        e - +0 ice dragon scales
rPois   .            (no helmet)
rElec   .            d - +0 cloak
rCorr   .            (no gloves)
SInv    .            (no boots)
Will    .....        (no amulet) Stlth
                     (no ring)
HPRegen 0.24/turn    (no ring)
MPRegen 0.10/turn

%: no passive effects
@: no status effects
A: no striking features
a: no special abilities


You were on level 2 of the Dungeon.
You visited 1 branch of the dungeon, and saw 2 of its levels.

You collected 73 gold pieces.


   Skills:
 - Level 1.5 Fighting
 + Level 7.1 Ranged Weapons
 - Level 1.2 Armour
 - Level 2.4 Dodging
 - Level 1.2 Stealth


You had 3 spell levels left.
You didn't know any spells.
Your spell library was empty.

Inventory:

Hand Weapons
 Y - a +0 shortbow (weapon)
Armour
 c - a +0 leather armour
 d - a +0 cloak (worn)
 e - +0 ice dragon scales (worn)
Potions
 f - 2 potions of curing

Dungeon Overview and Level Annotations

Branches:
Dungeon (2/15)

Altars:


Message History

The arrow hits the gnoll.
You kill the gnoll!
You shoot an arrow. The arrow barely misses the gnoll.
The arrow hits the gnoll.
The gnoll is lightly wounded.
You shoot an arrow. The arrow barely misses the gnoll.
The arrow hits the gnoll.
The gnoll is moderately wounded.
The gnoll closely misses you.
You shoot an arrow. The arrow closely misses the gnoll.
The gnoll hits you but does no damage. x2
You shoot an arrow. The arrow hits the gnoll!
The gnoll is almost dead.
The gnoll hits you with a +2 whip of pain!
The gnoll barely misses you.
The gnoll hits you but does no damage. x2
You shoot an arrow. The arrow hits the gnoll.
You kill the gnoll!
The gnoll hits you but does no damage.
Your Armour skill increases to level 1!
You have reached level 4!
You feel clever.
You shoot an arrow. The arrow hits the gnoll.
The gnoll is lightly wounded.
The goblin barely misses you. The gnoll barely misses you.
The goblin barely misses you. The gnoll hits you with a +0 whip.
You shoot an arrow. The arrow hits the gnoll.
The gnoll is severely wounded.
The goblin barely misses you. The gnoll hits you but does no damage.
You shoot an arrow. The arrow closely misses the gnoll.
The goblin hits you but does no damage. The gnoll hits you with a +0 whip.
The goblin hits you but does no damage. The gnoll hits you but does no damage.
You shoot an arrow. The arrow hits the gnoll.
You kill the gnoll!
The goblin hits you but does no damage.
You shoot an arrow. The arrow hits the goblin!
You kill the goblin!
You shoot an arrow. The arrow hits the gnoll.
The gnoll is lightly wounded.
The gnoll barely misses you. The gnoll hits you with a +0 flail!
You shoot an arrow. The arrow hits the gnoll.
The gnoll is moderately wounded.
The gnoll hits you with a +0 flail.
You die...

#.. #. .. ..#
.. .8. .
###..8!
.#}#_#..
#...#\# #g8..##
##@)8.}#
#.#...##
########..###.#
.........## #
#######.##
#...# #)###
#.#######
#.......#


You could see a gnoll.

Vanquished Creatures
  3 gnolls (D:2)
  3 dart slugs (D:1)
  4 endoplasms (D:1)
  2 giant cockroaches (D:1)
  7 goblins
  3 hobgoblins
  5 jackals (D:1)
  4 quokkas
  4 bats (D:1)
  5 frilled lizards (D:1)
  A rat (D:1)
41 creatures vanquished.

Notes
Turn   | Place    | Note
-------+----------+-------------------------------------------
     0 | D:1      | qw the Deep Elf Hunter began the quest for the Orb.
     0 | D:1      | Reached XP level 1. HP: 12/12 MP: 3/3
     0 | D:1      | 0 ||| qw: Version: 0.3-a-22-g0ed2b0b
     0 | D:1      | 0 ||| qw: Game counter: 5106
     0 | D:1      | 0 ||| qw: Melee chars always use a shield: true
     0 | D:1      | 0 ||| qw: God list: Okawaru
     0 | D:1      | 0 ||| qw: Allow faded altars: false
     0 | D:1      | 0 ||| qw: Do Orc after clearing Dungeon:15 true
     0 | D:1      | 0 ||| qw: Do second Lair branch before Depths: true
     0 | D:1      | 0 ||| qw: Lair rune preference: random
     0 | D:1      | 0 ||| qw: Goals: Normal
     0 | D:1      | 0 ||| PLANNING D:1-11
   187 | D:1      | Reached skill level 6 in Ranged Weapons
   187 | D:1      | Reached XP level 2. HP: 16/16 MP: 4/4
   281 | D:1      | Reached XP level 3. HP: 20/20 MP: 5/5
   346 | D:1      | Reached skill level 7 in Ranged Weapons
   627 | D:1      | 627 ||| UPGRADING to +0 cloak.
   632 | D:1      | 632 ||| UPGRADING to +0 ice dragon scales.
   642 | D:1      | 642 ||| READING scroll labelled ZON XUXKIOPLE.
   643 | D:1      | 643 ||| READING scroll labelled AHOEFR UPHAWY.
   646 | D:1      | 646 ||| READING scroll labelled MEHUANIWOX.
   647 | D:1      | 647 ||| DRINKING 3 lumpy dark potions.
   648 | D:1      | 648 ||| DROPPING scroll of butterflies.
   693 | D:2      | Found a faded altar of an unknown god.
   711 | D:2      | Reached skill level 1 in Armour
   711 | D:2      | Reached XP level 4. HP: 14/25 MP: 6/6
   716 | D:2      | HP: 5/25 [gnoll/+0 flail (7)]
   717 | D:2      | Slain by a gnoll

Levels and vault maps discovered:
D:1:      nagdon_arrival_zigzag_paths, layout_basic, minmay_tromino_v4_b
D:2:      layout_basic, serial_shops, shop, shapermc_ecumenical_altar_venn

Skill      XL: |  1  2  3 |
---------------+----------+-----
Ranged Weapons | 6 7 |  7.1
Armour         | 1 |  1.2
Fighting       | |  1.5
Dodging        | |  2.4
Stealth        | |  1.2

Action                     |  1- 3 |  4- 6 || total
---------------------------+-------+-------++-------
   Fire: Shortbow          |    88 |     7 ||    95
    Use: Scroll            |     3 |       ||     3
         Potion            |     1 |       ||     1
 Armour: Leather armour    |     6 |       ||     6
         Ice dragon scales |    13 |     5 ||    18
  Dodge: Dodged            |    16 |     5 ||    21

Table legend:
 A = Non-vault XP
 B = Vault XP
 C = Vault XP percentage of total XP
 D = Non-vault monster count
 E = Vault monster count
 F = Vault count percentage of total count
                 A         B        C        D         E       F
            +---------+---------+-------+---------+---------+-------
      Total |     112 |       4 |   3.4 |      39 |       2 |   4.9
            +---------+---------+-------+---------+---------+-------
        D:1 |      61 |       4 |   6.2 |      32 |       2 |   5.9
        D:2 |      51 |       0 |   0.0 |       7 |       0 |   0.0
            +---------+---------+-------+---------+---------+-------
